Cogmind - Beta 9.4 @@@ ROGUE MODE // 2020.03.22 @ 02:04:31 // Winter2019/RPGLIKE Player: IAMCRAIG Result: Destroyed by Executioner with Helical Railgun Performance ------------- Evolutions (8) 4000 Regions Visited (20) 4000 Robots Destroyed (501) 2505 Value Destroyed (22157) 22157 Prototype IDs (116) 2320 Alien Tech Used (8) 1600 Bonus (17497) 17497 TOTAL SCORE: 54079 Bonus ------- Triggered High Security 500 Triggered Max Security 2000 High Alert Combat Kills 10549 Follower Combat Kills 848 Aligned with FarCom 300 Met Zhirov 300 Scanned by Researcher 500 Pursued by Intercept 500 Met Sigix 2000 Cogmind --------- Core Integrity 0/1500 Matter 300/300 Energy 93/190 System Corruption 7% Temperature Cool (25) Movement Core (150) Ox2 Location -2/Section 7 Parts ------- > --- POWER (3) -------- Light Quantum Reactor > --- PROPULSION (6) --- Cooled Gravmag System Cooled Gravmag System Cooled Gravmag System Combat Gravmag System Improved Linear Gravjet > --- UTILITY (11) ----- Experimental Power Amplifier Advanced Melee Analysis Suite Advanced Target Analyzer Microactuators Advanced Actuator Array Improved Force Booster Advanced Reaction Control System Experimental Phase Shifter Experimental Force Field Stasis Generator > --- WEAPON (6) ------- Core Stripper Plasma Lance Plasma Lance > --- INVENTORY (4) ---- Vortex Chain Reactor Sigix Containment Pod Peak State ------------ > --- POWER ------------ Light Quantum Reactor Vortex Chain Reactor > --- PROPULSION ------- Cooled Gravmag System Cooled Gravmag System Cooled Gravmag System Combat Gravmag System Improved Linear Gravjet Improved Linear Gravjet > --- UTILITY ---------- Experimental Power Amplifier Advanced Melee Analysis Suite Advanced Target Analyzer Advanced Actuator Array Improved Force Booster Advanced Reaction Control System Improved Phase Shifter Improved Powered Armor Thermal Barrier Advanced Hacking Suite Stasis Generator > --- WEAPON ----------- Core Stripper Nanosword Sigix Broadsword Force Lance > --- INVENTORY -------- Microactuators Microactuators Sigix Containment Pod [Rating: 232] Favorites ----------- Power Light Antimatter Reactor Engine Light Deuterium Engine Power Core Enhanced Fission Core Reactor Light Antimatter Reactor Propulsion Aerolev Unit Treads Light Treads Leg High-density Centrium Leg Wheel Wheel Hover Unit Aerolev Unit Flight Unit Flight Unit Utility Microactuators Device Microactuators Storage Medium Battery Processor Advanced Melee Analysis Suite Hackware Advanced Hacking Suite Protection Medium Reactive Plating Artifact Stasis Generator Weapon Cooled Plasma Rifle Energy Gun Cooled Plasma Rifle Energy Cannon Guided Plasma Cannon Ballistic Gun Autogun Ballistic Cannon Flak Cannon Launcher Proton Missile Launcher Special Weapon Remote Datajack Impact Weapon Shock Maul Slashing Weapon Greatsword Piercing Weapon Force Lance Special Melee Weapon Improved Datajack Build | -11 -10 -10 -10 -9 -8 -7 -7 -7 -5 -5 -5 -4 -4 -4 -4 -3 -3 -2 -2 -2 ------- Run | Scr Mat Min Exi Min Mat Fac Sto Rec Fac Was Fac Fac Upp Upp Zhi Pro Res Res Qua Sec Slots Evolved 22 | 3 2 2 . . 4 3 2 . 2 . 1 1 1 . . . 1 . . . Power 2 | . . 1 . . . . . . . . 1 . . . . . . . . . Propulsion 5 | 2 . . . . 1 1 1 . . . . . . . . . . . . . Utility 10 | 1 1 1 . . 2 1 . . 1 . . 1 1 . . . 1 . . . Weapon 5 | . 1 . . . 1 1 1 . 1 . . . . . . . . . . . Parts Attached 369 | 6 28 6 4 3 37 35 17 . 19 2 40 30 4 5 8 15 60 13 23 14 Power 35 | 1 . 2 . 1 4 3 . . 1 . 3 4 . 3 . 4 1 1 4 3 Engine 9 | 1 . 2 . 1 4 1 . . . . . . . . . . . . . . Core 9 | . . . . . . 2 . . . . 3 1 . 1 . 2 . . . . Reactor 17 | . . . . . . . . . 1 . . 3 . 2 . 2 1 1 4 3 Propulsion 78 | 3 16 4 . 1 13 4 2 . 5 . 8 6 . . 2 . 10 3 . 1 Treads 4 | 2 1 . . . . . . . . . . . . . . . 1 . . . Leg 3 | . . . . . . . . . . . . . . . . . 2 1 . . Wheel 1 | 1 . . . . . . . . . . . . . . . . . . . . Hover 60 | . 10 2 . 1 13 4 2 . 5 . 7 5 . . 1 . 7 2 . 1 Flight 10 | . 5 2 . . . . . . . . 1 1 . . 1 . . . . . Utility 158 | 1 7 . 2 . 10 17 9 . 5 2 15 14 4 2 5 7 30 5 15 8 Device 103 | 1 . . . . 5 12 6 . 1 2 8 13 3 . 3 5 21 4 12 7 Storage 4 | . 1 . 2 . . 1 . . . . . . . . . . . . . . Processor 16 | . 2 . . . 1 3 1 . 1 . 4 . . 1 . 1 2 . . . Hackware 3 | . 1 . . . . . . . 2 . . . . . . . . . . . Protection 29 | . 3 . . . 4 1 2 . 1 . 3 1 1 1 2 1 7 1 1 . Artifact 3 | . . . . . . . . . . . . . . . . . . . 2 1 Weapon 98 | 1 5 . 2 1 10 11 6 . 8 . 14 6 . . 1 4 19 4 4 2 Energy Gun 28 | . . . . . 5 4 . . . . 4 2 . . . 2 9 2 . . Energy Cannon 6 | . . . 1 1 1 1 1 . . . . 1 . . . . . . . . Ballistic Gun 11 | 1 3 . 1 . . 1 1 . . . . . . . . 1 3 . . . Ballistic Cannon 5 | . . . . . 1 . . . 1 . 2 . . . . . . . 1 . Launcher 8 | . 2 . . . . . 2 . 1 . . . . . . . 2 1 . . Special Weapon 2 | . . . . . . 1 . . . . 1 . . . . . . . . . Impact Weapon 9 | . . . . . . . 1 . 1 . 4 1 . . . . . 1 1 . Slashing Weapon 18 | . . . . . 1 4 1 . 3 . 1 1 . . 1 1 3 . 2 . Piercing Weapon 9 | . . . . . . . . . 2 . 2 1 . . . . 2 . . 2 Special Melee Weapon 2 | . . . . . 2 . . . . . . . . . . . . . . . Unidentified Prototypes 64 | . . . . . 3 5 3 . 2 . 10 2 . . 5 . 16 4 10 4 Parts Lost 7 | . . . . . . . . . . 1 . . . . . . 1 . . 5 Power . | . . . . . . . . . . . . . . . . . . . . . Propulsion 1 | . . . . . . . . . . . . . . . . . . . . 1 Utility 4 | . . . . . . . . . . 1 . . . . . . . . . 3 Weapon 2 | . . . . . . . . . . . . . . . . . 1 . . 1 Highest Loss Streak 2 | . . . . . . . . . . 1 . . . . . . 1 . . 2 Average Slot Usage (%) 95 | . 98 95 96 98 95 91 93 95 93 92 94 94 95 95 95 96 99 99 93 85 Engine 3 | . 13 13 18 18 14 5 . . . . . . . . . . . . . . Core 3 | . . . . . . 5 10 10 8 4 7 5 4 3 4 4 1 . . . Reactor 3 | . . . . . . . . . . 4 4 6 8 8 8 8 9 11 9 6 Hover 25 | . 20 17 18 26 28 27 26 30 27 27 26 25 24 24 24 24 23 23 23 22 Device 14 | . . . . . 8 16 15 15 17 13 9 11 13 16 16 16 23 25 25 25 Processor 9 | . 10 10 9 9 8 6 10 10 9 13 13 12 12 12 12 12 9 7 7 7 Hackware 4 | . . 10 9 9 7 5 5 5 4 4 4 4 4 4 4 4 3 3 2 . Protection 5 | . 15 10 9 9 7 5 4 5 3 2 3 3 4 4 3 4 3 2 3 2 Energy Gun 3 | . . . . . 5 . . . . . 4 8 8 8 8 7 5 2 1 . Energy Cannon 1 | . . . 4 16 7 4 2 . . . . . . . . . . . . . Ballistic Gun 1 | . 13 10 8 . . . . . . . . . . . . . . . . . Impact Weapon 1 | . . . . . . . 5 5 2 4 3 4 4 4 4 4 . . 1 3 Slashing Weapon 5 | . . . . . 2 7 10 10 11 9 6 4 4 4 4 4 9 7 7 3 Piercing Weapon 3 | . . . . . . . . . 3 9 7 8 8 8 8 8 4 11 5 6 Naked Turns . | . . . . . . . . . . . . . . . . . . . . . Heaviest Build 124 | 5 13 16 24 24 41 61 64 59 69 63 80 90 92 95 96 102 115 109 123 124 Greatest Support 146 | 50 50 22 22 30 54 70 81 81 92 92 94 109 109 109 109 109 117 117 122 146 Greatest Overweight (x) 2 | . . . 1 . . 1 . . . . 1 1 . . 1 . 1 1 1 2 Average Overweight (x) . | . . . . . . . . . . . . . . . . . . . . . Largest Inventory Capacity 4 | 1 1 1 1 1 3 3 4 4 4 4 4 4 4 4 4 4 4 4 4 4 Average Capacity 3 | . 1 1 1 1 2 3 3 4 4 4 4 4 4 4 4 4 4 4 4 4 Most Carried 4 | 1 1 1 1 1 3 3 4 4 4 4 4 4 4 4 4 4 4 4 4 4 Average Carried 3 | . . . 1 1 2 2 3 4 3 3 3 3 3 3 3 3 3 3 3 3 Final Capacity 4 | 1 1 1 1 1 3 3 4 4 4 4 4 4 4 4 4 4 4 4 4 4 Final Carried 4 | 1 1 1 1 1 3 3 4 4 4 4 4 4 3 4 4 4 4 3 4 4 Class Distribution -------------------- 38% | Generator-Sprinter 20% | Mutant 14% | Gladiator 11% | Commander-Sprinter 4% | Generator-Mutant 3% | Scavenger-Mutant Dominant Class ---------------- Mutant | -10/Materials Mutant | -10/Mines Scavenger-Mutant | -10/Exiles Mutant | -9/Mines Mutant | -8/Materials Gladiator | -7/Factory Gladiator | -7/Storage Commander-Sprinter | -7/Recycling Commander-Sprinter | -5/Factory Mutant | -5/Waste Generator-Sprinter | -5/Factory Generator-Sprinter | -4/Factory Generator-Sprinter | -4/Upper Caves Generator-Sprinter | -4/Upper Caves Generator-Sprinter | -4/Zhirov Commander-Sprinter | -3/Proximity Caves Generator-Sprinter | -3/Research Generator-Sprinter | -2/Research Generator-Sprinter | -2/Quarantine Generator-Sprinter | -2/Section 7 Resources | -11 -10 -10 -10 -9 -8 -7 -7 -7 -5 -5 -5 -4 -4 -4 -4 -3 -3 -2 -2 -2 ----------- Run | Scr Mat Min Exi Min Mat Fac Sto Rec Fac Was Fac Fac Upp Upp Zhi Pro Res Res Qua Sec Matter Collected 5427 | 269 982 132 30 30 750 370 170 . 170 . 579 300 40 50 90 140 780 130 150 265 Remotely 71 | 33 38 . . . . . . . . . . . . . . . . . . . Salvage Created 27855 | 107 906 145 . . 2098 1820 2194 1148 1342 . 1402 1392 1053 1986 424 2429 5030 966 938 2475 Parts 1186 | 4 78 9 . 5 90 101 85 22 71 . 76 64 43 69 2 88 204 65 19 91 Haulers Intercepted 39 | . 2 . . . 6 7 6 . . . 4 2 . . . . 9 1 . 2 Recyclers Shooed 2 | . . . . . 2 . . . . . . . . . . . . . . . Parts Field Recycled . | . . . . . . . . . . . . . . . . . . . . . Retrieved Matter . | . . . . . . . . . . . . . . . . . . . . . Parts Self-Destructed 196 | . . . . . . . . . . . . . 39 64 2 91 . . . . Prevented 7 | . . . . . . . . . . . . . 2 5 . . . . . . Kills | -11 -10 -10 -10 -9 -8 -7 -7 -7 -5 -5 -5 -4 -4 -4 -4 -3 -3 -2 -2 -2 ------- Run | Scr Mat Min Exi Min Mat Fac Sto Rec Fac Was Fac Fac Upp Upp Zhi Pro Res Res Qua Sec Combat Hostiles Destroyed 342 | . 12 5 . 2 37 23 27 3 26 . 13 18 16 23 . 28 61 10 5 33 Melee 249 | . . . . . 5 13 18 1 26 . 11 18 13 21 . 26 55 10 3 29 Guns 16 | . 12 1 . . . . . . . . 1 . 1 . . 1 . . . . Cannons 47 | . . . . 2 32 8 5 . . . . . . . . . . . . . AOE 10 | . . 4 . . . . . . . . . . . . . . 6 . . . Classes Destroyed 25 | 2 7 . . . 5 1 1 1 . . . 1 1 1 . 1 1 . 2 1 Worker 20 | 1 7 . . . . 2 2 . . . 4 1 . . . . 3 . . . Builder 16 | . 5 . . . . 1 1 1 . . 1 . . . . 2 2 3 . . Tunneler 2 | . 1 . . . . . . . . . 1 . . . . . . . . . Hauler 39 | . 2 . . . 6 7 6 . . . 4 2 . . . . 9 1 . 2 Recycler 28 | 1 1 1 . . 2 5 2 6 . . 2 2 . . . 2 3 1 . . Minesweeper 2 | . . . . . . . . . . . . . . 2 . . . . . . Mechanic 6 | . . . . . 1 . 1 . 1 . . 1 . . . . 1 . . 1 Operator 12 | . 3 . . . 1 2 2 . 1 . 2 . . . . . . . 1 . Drone 2 | . . . . . . . . 2 . . . . . . . . . . . . Watcher 30 | . 3 . . . 5 5 1 . 1 . 4 3 . . . 1 3 1 2 1 Swarmer 57 | . 3 5 . 2 4 . 4 . 2 . 4 9 6 1 . 11 4 . . 2 Saboteur 7 | . . . . . . . . . . . . . . . . . 3 . 1 3 Grunt 124 | . 9 . . . 23 11 15 . 16 . . . 4 13 . 5 15 2 1 10 Brawler 13 | . . . . . 1 . . . 1 . . . . 3 . 1 2 . . 5 Duelist 10 | . . . . . 1 . . . . . . . . 2 . 1 4 . . 2 Protector 1 | . . . . . . . . . . . . . . . . 1 . . . . Researcher 3 | . . . . . . . . . . . . . . . . . . . 1 2 Sentry 63 | . . . . . 5 7 6 . 2 . 3 4 2 2 . 5 19 3 1 4 Specialist 1 | . . . . . . . 1 . . . . . . . . . . . . . Hunter 21 | . . . . . 3 . . . 1 . 2 2 . . . 2 10 . 1 . Programmer 33 | . . . . . . 5 1 1 4 . 4 2 2 1 . 1 4 4 . 4 Behemoth 5 | . . . . . . . . . . . . 1 1 1 . 1 . 1 . . Tracker 1 | . . . . . . . . . . . . . . . . . . . . 1 Combat Programmer 1 | . . . . . . . . . . . . . . . . . . . . 1 Executioner 1 | . . . . . . . . . . . . . . . . . . . . 1 Fortress 1 | . . . . . . . . . . . . . . . . . . . 1 . Decomposer 1 | . . . . . . . . . . . . . 1 . . . . . . . Mutant 1 | . . . . . . . . . . . . . 1 . . . . . . . Best Kill Streak 14 | 1 4 3 . 2 11 5 6 4 14 . 4 8 6 6 . 8 9 8 4 14 Combat Bots Only 10 | . 2 3 . 2 9 3 5 2 10 . 4 7 6 6 . 7 7 5 4 9 Max Kills in Single Turn 2 | 1 1 2 . 1 1 1 1 1 1 . 1 1 2 1 . 2 2 1 1 2 Gunslinging . | . . . . . . . . . . . . . . . . . . . . . Exploded 2 | . . 2 . . . . . . . . . . . . . . 2 . . . Melee 2 | . . . . . 1 1 1 1 1 . 1 1 2 1 . 2 2 1 1 1 Uniques/NPCs Destroyed . | . . . . . . . . . . . . . . . . . . . . . Combat | -11 -10 -10 -10 -9 -8 -7 -7 -7 -5 -5 -5 -4 -4 -4 -4 -3 -3 -2 -2 -2 -------- Run | Scr Mat Min Exi Min Mat Fac Sto Rec Fac Was Fac Fac Upp Upp Zhi Pro Res Res Qua Sec Damage Taken 14517 | . 462 73 . 64 980 609 518 . 938 47 1064 1282 688 727 . 1625 2182 224 508 2526 Core 10104 | . 303 55 . 48 708 443 386 . 707 37 727 822 434 499 . 1148 1458 137 369 1823 Absorbed by Shields 2233 | . . . . . . . . . 45 . . . . . . . . . . 2188 Redirected to Core 8907 | . 264 55 . 39 598 398 300 . 575 37 592 737 389 499 . 1032 1255 137 349 1651 Core Remaining (%) 90 | 100 . . . 99 77 . . 100 . . 82 . . . . 79 94 . . . Volleys Fired 613 | 9 138 18 . 5 134 55 20 . . . 8 2 8 . . 177 36 3 . . Largest 2 | 1 1 1 . 1 1 1 1 . . . 2 2 2 . . 2 2 1 . . Hottest 144 | 20 33 33 . 120 120 120 120 . . . 60 48 144 . . 48 49 24 . . Shots Fired 702 | 9 138 18 . 5 133 52 15 . . . 16 4 16 . . 256 37 3 . . Gun 479 | 9 135 13 . . . . . . . . 15 4 16 . . 256 28 3 . . Cannon 202 | . . . . 5 133 48 15 . . . 1 . . . . . . . . . Launcher 17 | . 3 5 . . . . . . . . . . . . . . 9 . . . Special 4 | . . . . . . 4 . . . . . . . . . . . . . . Kinetic 163 | 9 135 13 . . 5 . . . . . 1 . . . . . . . . . Thermal 518 | . . . . 5 128 48 15 . . . 15 4 16 . . 256 28 3 . . Explosive 9 | . . . . . . . . . . . . . . . . . 9 . . . Electromagnetic 8 | . 3 5 . . . . . . . . . . . . . . . . . . Robot Hit Streak 32 | 4 11 5 . . 32 11 14 . . . 15 3 6 . . 16 1 . . . Robot Miss Streak 5 | 2 4 2 . 1 5 1 . . . . 2 . 4 . . 1 1 1 . . Penetration Max . | . . . . . . . . . . . . . . . . . . . . . Secondary Targets . | . . . . . . . . . . . . . . . . . . . . . Shots Hit Robots 1174 | 6 80 10 . . 66 84 98 41 81 . 68 70 40 54 9 121 170 35 24 117 Core Hits 609 | 3 41 9 . 2 56 45 37 15 39 . 35 35 19 31 3 48 112 18 9 52 Critical Hits 108 | 2 1 . . . 2 4 3 3 6 . 5 6 2 4 2 12 25 4 2 25 Critical Kills 56 | 2 . . . . 1 4 2 . 4 . 4 3 2 3 . 6 13 2 1 9 Critical Parts Destroyed 46 | . 1 . . . 1 . 1 3 2 . 1 2 . 1 2 4 10 2 1 15 Melee Attacks 1930 | . . . . . 33 136 129 49 101 . 116 104 78 72 12 189 506 111 89 205 Kinetic 36 | . . . . . . . . . . . . . . . . . . . 10 26 Impact 132 | . . . . . . . 23 8 7 . 17 16 17 15 1 25 3 . . . Slashing 778 | . . . . . 27 136 106 41 52 . 13 14 10 12 3 36 219 26 47 36 Piercing 978 | . . . . . . . . . 42 . 86 74 51 45 8 128 284 85 32 143 Sneak Attacks 168 | . . . . . 6 20 21 9 4 . 16 11 1 5 . 12 36 16 3 8 Combat Hostiles 39 | . . . . . . . 4 . 2 . 4 . . 3 . 8 9 9 . . Follow-up Attacks 330 | . . . . . . 6 25 6 24 . 14 27 17 19 4 40 73 17 11 47 Damage Inflicted 88908 | 44 1417 405 . 136 5270 7849 7959 6198 4608 . 4525 4404 2024 3724 1397 7643 15751 4123 1903 9528 Guns 2544 | 44 1331 158 . . . . . . . . 145 48 315 . . 503 . . . . Cannons 6415 | . . . . 136 4168 1547 525 . . . 39 . . . . . . . . . Explosions 1346 | . 86 247 . . . . . . . . . . . . . . 1013 . . . Melee 78539 | . . . . . 1102 6302 7434 6198 4608 . 4341 4356 1709 3724 1397 7140 14674 4123 1903 9528 Ramming 64 | . . . . . . . . . . . . . . . . . 64 . . . Kinetic 2849 | 44 1331 158 . . 87 . . . . . 39 . . . . . . . 190 1000 Thermal 7469 | . 48 121 . 136 4081 1547 525 . . . 145 48 315 . . 503 . . . . Explosive 1013 | . . . . . . . . . . . . . . . . . 1013 . . . Electromagnetic 164 | . 38 126 . . . . . . . . . . . . . . . . . . Impact 3371 | . . . . . . . 728 291 146 . 255 539 219 330 85 685 93 . . . Slashing 33809 | . . . . . 1102 6302 6706 5907 1879 . 286 484 168 475 309 1087 4795 1116 832 2361 Piercing 40169 | . . . . . . . . . 2583 . 3800 3333 1322 2919 1003 5368 9786 3007 881 6167 Highest Corruption 20 | . . . . . . . . . . 9 20 . 1 . . 5 2 2 2 7 Average Corruption 7 | . . . . . . . . . . 9 16 . 1 . . 3 1 1 1 1 Corruption Purged 17 | . . . . . . . . . . . 4 . 1 . . 6 4 . 2 . Effects 152 | . . . . . . . . . . 1 126 . 2 . . 17 4 . 2 . Message Errors 22 | . . . . . . . . . . . 16 . 1 . . 3 1 . 1 . Matter Fused 9 | . . . . . . . . . . 1 8 . . . . . . . . . Heat Flow Errors 10 | . . . . . . . . . . . 7 . . . . 3 . . . . Energy Discharges 11 | . . . . . . . . . . . 7 . . . . 3 . . 1 . Data Loss (minor) 13 | . . . . . . . . . . . 9 . 1 . . 2 1 . . . Data Loss (major) 2 | . . . . . . . . . . . 2 . . . . . . . . . Misfires 2 | . . . . . . . . . . . 2 . . . . . . . . . Alerts 2 | . . . . . . . . . . . 2 . . . . . . . . . Misdirections 54 | . . . . . . . . . . . 54 . . . . . . . . . Targeting Errors 26 | . . . . . . . . . . . 18 . . . . 6 2 . . . Weapon Failures 1 | . . . . . . . . . . . 1 . . . . . . . . . Overload Shots 5 | . . . . . . . . . . . . . 5 . . . . . . . Effects 1 | . . . . . . . . . . . . . 1 . . . . . . . Heat Surge 1 | . . . . . . . . . . . . . 1 . . . . . . . Overflow Damage 11102 | . 8 10 . 11 289 1692 1274 2404 179 . 231 479 38 293 505 757 1392 853 334 353 Projectiles 271 | . . . . 11 132 119 9 . . . . . . . . . . . . . Explosions 22 | . 8 10 . . . . . . . . . . . . . . 4 . . . Melee 10809 | . . . . . 157 1573 1265 2404 179 . 231 479 38 293 505 757 1388 853 334 353 Knockbacks 12 | . . . . . . . . 1 1 . 2 1 1 1 . 3 2 . . . Impact 11 | . . . . . . . . 1 1 . 2 1 1 1 . 3 1 . . . Kinetic . | . . . . . . . . . . . . . . . . . . . . . Secondary 1 | . . . . . . . . . . . . . . . . . 1 . . . Self-Inflicted Damage 127 | . . . . . . . . . . . . . . . . . 127 . . . Shots 2 | . . . . . . . . . . . . . . . . . 2 . . . Rammed 1 | . . . . . . . . . . . . . . . . . 1 . . . Targets Rammed 1 | . . . . . . . . . . . . . . . . . 1 . . . Kicked . | . . . . . . . . . . . . . . . . . . . . . Crushed . | . . . . . . . . . . . . . . . . . . . . . Highest Temperature 440 | . 7 3 . 315 367 118 135 . . . 256 . 91 . . 120 . 200 112 440 Average Temperature 63 | . 1 1 . 145 46 32 42 . . . 110 . 47 . . 70 . 95 42 107 Received Heat Transfer 2645 | . 174 . . . 297 243 201 . 340 . 45 108 98 120 . 237 252 27 171 332 Effects 4 | . . . . 2 . . . . . . . . . . . . . . . 2 Interference 2 | . . . . 2 . . . . . . . . . . . . . . . . Short Circuit 1 | . . . . . . . . . . . . . . . . . . . . 1 Damage (minor) 1 | . . . . . . . . . . . . . . . . . . . . 1 Siege Activations . | . . . . . . . . . . . . . . . . . . . . . Robots Corrupted . | . . . . . . . . . . . . . . . . . . . . . Combat Hostiles . | . . . . . . . . . . . . . . . . . . . . . Parts Fried 14 | . . . . . . . 2 2 . . 4 . . 4 . 1 1 . . . Impact Corruptions 41 | . . . . . . . 8 8 . . 4 1 2 4 4 7 3 . . . Robots Melted 4 | . . . . . . 2 1 . . . . . 1 . . . . . . . Combat Hostiles 4 | . . . . . . 2 1 . . . . . 1 . . . . . . . Parts Melted 26 | . . . . . 21 4 1 . . . . . . . . . . . . . Heat Transferred 16133 | . 50 150 . 320 9120 3440 1200 . . . 250 100 550 . . 953 . . . . Parts Sabotaged 5 | . . . . . . . . . 3 . . . . . . . 2 . . . Parts Stolen . | . . . . . . . . . . . . . . . . . . . . . Parts Stripped . | . . . . . . . . . . . . . . . . . . . . . Power Chain Reactions . | . . . . . . . . . . . . . . . . . . . . . Missiles Intercepted . | . . . . . . . . . . . . . . . . . . . . . Alert | -11 -10 -10 -10 -9 -8 -7 -7 -7 -5 -5 -5 -4 -4 -4 -4 -3 -3 -2 -2 -2 ------- Run | Scr Mat Min Exi Min Mat Fac Sto Rec Fac Was Fac Fac Upp Upp Zhi Pro Res Res Qua Sec Peak Influence 2652 | 10 172 183 . 100 555 1014 1046 889 1728 634 791 872 . . . . 2411 1741 1983 2652 Average Influence 720 | 3 68 114 . 65 298 364 851 672 1538 614 548 653 . . . . 1283 1496 1806 2158 Maximum Alert Level 5 | . . . . . 2 3 3 3 5 2 3 3 . . . . 5 5 5 5 Low Security (%) 21 | 100 100 100 . 100 29 21 . . . . . . . . . . . . . . Level 1 15 | . . . . . 41 41 . 7 . . 3 8 . . . . 8 . . . Level 2 28 | . . . . . 29 34 17 40 . 100 87 48 . . . . 22 . . . Level 3 13 | . . . . . . 2 82 51 . . 8 43 . . . . 10 . . . Level 4 6 | . . . . . . . . . 58 . . . . . . . 15 74 . . Level 5 6 | . . . . . . . . . 41 . . . . . . . 25 25 . . High Security 2 | . . . . . . . . . . . . . . . . . 17 . . . Max Security 6 | . . . . . . . . . . . . . . . . . . . 99 99 Squads Dispatched 137 | . 5 . . . 5 11 9 . 6 . 8 8 . . . . 27 3 20 35 Investigation 19 | . 2 . . . 3 3 2 . 1 . . 4 . . . . 3 1 . . Extermination 13 | . . . . . . 4 2 . 1 . 2 1 . . . . 2 1 . . Reinforcement 18 | . 3 . . . 1 4 3 . 2 . 3 1 . . . . 1 . . . Assault 77 | . . . . . . . 1 . 2 . . 2 . . . . 20 1 20 31 Garrison 7 | . . . . . 1 . 1 . . . 3 . . . . . 1 . . 1 Intercept 3 | . . . . . . . . . . . . . . . . . . . . 3 Construction Impeded 2 | . . . . . . 1 . . . . . . . . . . 1 . . . Haulers Reinforced 5 | . . . . . . 2 2 . 1 . . . . . . . . . . . Stealth | -11 -10 -10 -10 -9 -8 -7 -7 -7 -5 -5 -5 -4 -4 -4 -4 -3 -3 -2 -2 -2 --------- Run | Scr Mat Min Exi Min Mat Fac Sto Rec Fac Was Fac Fac Upp Upp Zhi Pro Res Res Qua Sec Distress Signals 23 | . 1 . . . 1 2 3 . 2 . . 1 . . . . 8 2 1 2 Communications Jammed . | . . . . . . . . . . . . . . . . . . . . . Distress Signals . | . . . . . . . . . . . . . . . . . . . . . Times Spotted 664 | . 23 4 . 4 37 36 40 4 34 4 26 28 19 24 . 33 102 13 55 178 Peak Tracking Total 49 | . 4 2 . 4 4 4 5 2 7 4 6 6 7 9 . 7 24 6 33 49 Tactical Retreats 53 | . . 2 . . 1 3 7 . . . 2 4 2 . . . 10 1 4 17 Traps | -11 -10 -10 -10 -9 -8 -7 -7 -7 -5 -5 -5 -4 -4 -4 -4 -3 -3 -2 -2 -2 ------- Run | Scr Mat Min Exi Min Mat Fac Sto Rec Fac Was Fac Fac Upp Upp Zhi Pro Res Res Qua Sec Traps Triggered 17 | . 2 4 . . 3 . 1 . 1 . 1 . . . . 1 2 1 . 1 Indirectly 5 | . 1 4 . . . . . . . . . . . . . . . . . . Trap Hack Attempts . | . . . . . . . . . . . . . . . . . . . . . Triggered . | . . . . . . . . . . . . . . . . . . . . . Disarmed . | . . . . . . . . . . . . . . . . . . . . . Reprogrammed . | . . . . . . . . . . . . . . . . . . . . . Reused 6 | . . 6 . . . . . . . . . . . . . . . . . . Traps Extracted . | . . . . . . . . . . . . . . . . . . . . . Installed 3 | . . 3 . . . . . . . . . . . . . . . . . . Triggered 7 | . . 6 . . . . . . . . . . . 1 . . . . . . Machines | -11 -10 -10 -10 -9 -8 -7 -7 -7 -5 -5 -5 -4 -4 -4 -4 -3 -3 -2 -2 -2 ---------- Run | Scr Mat Min Exi Min Mat Fac Sto Rec Fac Was Fac Fac Upp Upp Zhi Pro Res Res Qua Sec Machines Disabled 30 | . 2 1 . . . 1 4 1 . . . . 4 . . 3 2 1 7 4 Max in Single Turn 2 | . 2 1 . . . 1 1 . . . . . 1 . . 1 1 1 1 1 Garrison Access 8 | . . . . . . 3 . . 1 . . 1 . . . . 3 . . . Machines Sabotaged . | . . . . . . . . . . . . . . . . . . . . . Garrisons Compromised . | . . . . . . . . . . . . . . . . . . . . . Overloaded Fab Kills . | . . . . . . . . . . . . . . . . . . . . . Fab Network Shutdowns 2 | . . . . . . 1 . . . . . . . . . . 1 . . . Hacking | -11 -10 -10 -10 -9 -8 -7 -7 -7 -5 -5 -5 -4 -4 -4 -4 -3 -3 -2 -2 -2 --------- Run | Scr Mat Min Exi Min Mat Fac Sto Rec Fac Was Fac Fac Upp Upp Zhi Pro Res Res Qua Sec Machines Accessed 161 | . 9 1 1 . 13 37 14 9 3 . 14 18 1 . 9 4 23 5 . . Terminals 86 | . 6 1 . . 9 19 11 3 2 . 10 7 1 . . 2 12 3 . . Fabricators 13 | . . . . . . 5 . . . . 2 2 . . . 1 2 1 . . Repair Stations 8 | . 1 . . . 1 1 1 . . . 2 1 . . . . . 1 . . Recycling Units 25 | . 2 . . . 2 5 2 6 . . . 4 . . . 1 3 . . . Scanalyzers 10 | . . . . . 1 3 . . . . . 3 . . . . 3 . . . Garrison Access 9 | . . . . . . 4 . . 1 . . 1 . . . . 3 . . . Total Hacks 530 | . 32 2 1 . 53 105 46 38 18 . 41 55 7 . 48 12 59 13 . . Successful 366 | . 23 . 1 . 40 67 28 25 11 . 23 40 7 . 48 10 35 8 . . Failed 164 | . 9 2 . . 13 38 18 13 7 . 18 15 . . . 2 24 5 . . Catastrophic 8 | . . . . . . . 1 1 . . 2 1 . . . . 2 1 . . Database Lockouts . | . . . . . . . . . . . . . . . . . . . . . Manual 204 | . 11 2 1 . 36 28 36 18 7 . 17 17 1 . 1 2 23 4 . . Terminals 303 | . 18 2 . . 38 58 37 19 17 . 32 25 7 . . 5 37 8 . . Fabricators 33 | . . . . . . 14 . . . . 4 3 . . . 3 6 3 . . Repair Stations 25 | . 9 . . . 2 2 2 . . . 5 3 . . . . . 2 . . Recycling Units 74 | . 5 . . . 9 14 7 19 . . . 9 . . . 4 7 . . . Scanalyzers 30 | . . . . . 4 8 . . . . . 14 . . . . 4 . . . Garrison Access 16 | . . . . . . 9 . . 1 . . 1 . . . . 5 . . . Terminal Hacks 161 | . 5 . 1 . 15 20 13 5 8 . 10 12 6 . 48 4 11 3 . . Record 50 | . . . . . . . . . . . 2 1 6 . 36 3 2 . . . Part Schematic 15 | . . . . . . 5 . 2 . . . 4 . . 4 . . . . . Robot Schematic 1 | . . . . . . . 1 . . . . . . . . . . . . . Robot Analysis 14 | . 2 . . . 4 1 2 . . . 1 . . . 4 . . . . . Prototype ID Bank 15 | . 2 . . . . 3 . . 1 . . 2 . . 4 . 1 2 . . Open Door 4 | . . . . . . . 3 . . . . . . . . 1 . . . . Level Access Points 4 | . . . . . 1 1 . . 1 . 1 . . . . . . . . . Branch Access Points 6 | . . . . . 1 2 . . 1 . . 1 . . . . 1 . . . Emergency Access Points 4 | . . . . . . . . . 1 . . 1 . . . . 2 . . . Machine Index 2 | . . . . . . 1 . 1 . . . . . . . . . . . . Terminal Index 3 | . . . . . . 1 . . . . 1 . . . . . 1 . . . Alert Level 6 | . 1 . . . 1 . 2 . . . 1 1 . . . . . . . . Unreport Threat 4 | . . . . . 1 1 1 . . . . . . . . . 1 . . . Locate Traps 9 | . . . . . . 3 1 . 1 . 3 . . . . . 1 . . . Reinforcement Status 1 | . . . . . . . . . 1 . . . . . . . . . . . Recall Investigation 1 | . . . . . 1 . . . . . . . . . . . . . . . Recall Reinforcements 2 | . . . . . . . 1 . 1 . . . . . . . . . . . Recall Assault 3 | . . . . . . . 1 . . . . 1 . . . . 1 . . . Hauler Manifests 1 | . . . . . 1 . . . . . . . . . . . . . . . Registered Components 5 | . . . . . 2 1 1 . . . 1 . . . . . . . . . Registered Prototypes 3 | . . . . . . 1 . . . . . 1 . . . . 1 . . . Zone Layout 7 | . . . . . 3 . . 2 1 . . . . . . . . 1 . . EX-Prototype ID Bank 1 | . . . 1 . . . . . . . . . . . . . . . . . Fabricator Hacks 17 | . . . . . . 9 . . . . . 1 . . . 2 4 1 . . Network Status 2 | . . . . . . 1 . . . . . . . . . . 1 . . . Load Schematic 6 | . . . . . . 3 . . . . . . . . . 1 1 1 . . Build 9 | . . . . . . 5 . . . . . 1 . . . 1 2 . . . Repair Station Hacks 20 | . 7 . . . 2 1 2 . . . 4 2 . . . . . 2 . . Scan Component 10 | . 3 . . . 1 1 1 . . . 2 1 . . . . . 1 . . Repair 9 | . 3 . . . 1 . 1 . . . 2 1 . . . . . 1 . . Refit 1 | . 1 . . . . . . . . . . . . . . . . . . . Recycling Unit Hacks 37 | . 3 . . . 4 8 2 10 . . . 5 . . . 2 3 . . . Report Inventory 24 | . 2 . . . 2 5 1 6 . . . 4 . . . 1 3 . . . Retrieve Components 13 | . 1 . . . 2 3 1 4 . . . 1 . . . 1 . . . . Scanalyzer 26 | . . . . . 3 7 . . . . . 13 . . . . 3 . . . Insert Component 13 | . . . . . 2 4 . . . . . 5 . . . . 2 . . . Analyze 13 | . . . . . 1 3 . . . . . 8 . . . . 1 . . . Garrison Access Hacks 9 | . . . . . . 5 . . 1 . . 1 . . . . 2 . . . Seal Access 7 | . . . . . . 3 . . 1 . . 1 . . . . 2 . . . Coupler Status 2 | . . . . . . 2 . . . . . . . . . . . . . . Unauthorized Hacks 233 | . 17 2 . . 37 43 27 23 4 . 24 16 2 . . 4 29 5 . . Terminals 73 | . 7 . . . 11 15 9 3 2 . 9 4 1 . . 1 9 2 . . Assimilate 9 | . . . . . 2 4 . . . . 2 1 . . . . . . . . Botnet 59 | . 6 . . . 8 11 8 3 2 . 6 3 1 . . 1 8 2 . . Operators 5 | . 1 . . . 1 . 1 . . . 1 . . . . . 1 . . . Fabricators . | . . . . . . . . . . . . . . . . . . . . . Repair Stations . | . . . . . . . . . . . . . . . . . . . . . Recycling Units 22 | . 1 . . . 4 2 2 7 . . . 2 . . . 1 3 . . . Reject 10 | . 1 . . . 2 1 1 1 . . . 1 . . . 1 2 . . . Mask 5 | . . . . . 2 1 . 1 . . . . . . . . 1 . . . Tunnel 7 | . . . . . . . 1 5 . . . 1 . . . . . . . . Scanalyzers 1 | . . . . . 1 . . . . . . . . . . . . . . . Extract 1 | . . . . . 1 . . . . . . . . . . . . . . . Garrison Access . | . . . . . . . . . . . . . . . . . . . . . Data Cores Recovered 2 | . . . . . . . 1 . . . 1 . . . . . . . . . Used 2 | . . . . . . . 1 . . . 1 . . . . . . . . . Hacking Detections 128 | . 8 1 . . 12 31 12 4 2 . 14 14 1 . . 4 21 4 . . Full Trace Events 13 | . 2 . . . 1 3 . . . . . 2 . . . 2 2 1 . . Feedback Events 1 | . . . . . . . . . . . . . . . . . 1 . . . Corruption 1 | . . . . . . . . . . . . . . . . . 1 . . . Feedback Blocked . | . . . . . . . . . . . . . . . . . . . . . Robot Schematics Acquired 1 | . . . . . . . 1 . . . . . . . . . . . . . Robots Built 6 | . . . . . . 6 . . . . . . . . . . . . . . Matter 504 | . . . . . . 504 . . . . . . . . . . . . . . Time 134 | . . . . . . 134 . . . . . . . . . . . . . . Total Robot Build Rating 24 | . . . . . . 24 . . . . . . . . . . . . . . Part Schematics Acquired 36 | . . . . . 13 8 . 2 . . . 8 . . 4 . 1 . . . Parts Built 8 | . . . . . . 4 . . . . . 2 . . . . 2 . . . Matter 1294 | . . . . . . 402 . . . . . 256 . . . . 636 . . . Time 550 | . . . . . . 148 . . . . . 64 . . . . 338 . . . Total Part Build Rating 50 | . . . . . . 22 . . . . . 16 . . . . 12 . . . Parts Repaired 9 | . 3 . . . 1 . 1 . . . 2 1 . . . . . 1 . . Time 321 | . 90 . . . 32 . 44 . . . 102 25 . . . . . 28 . . Parts Recycled . | . . . . . . . . . . . . . . . . . . . . . Recycled Matter . | . . . . . . . . . . . . . . . . . . . . . Retrieved Matter . | . . . . . . . . . . . . . . . . . . . . . Retrieved Components 65 | . 10 . . . 15 8 10 17 . . . 2 . . . 3 . . . . Parts Scanalyzed 9 | . . . . . 1 3 . . . . . 4 . . . . 1 . . . Part Schematics Acquired 9 | . . . . . 1 3 . . . . . 4 . . . . 1 . . . Parts Damaged 2 | . . . . . 1 . . . . . . 1 . . . . . . . . Bothacking | -11 -10 -10 -10 -9 -8 -7 -7 -7 -5 -5 -5 -4 -4 -4 -4 -3 -3 -2 -2 -2 ------------ Run | Scr Mat Min Exi Min Mat Fac Sto Rec Fac Was Fac Fac Upp Upp Zhi Pro Res Res Qua Sec Used RIF Installer . | . . . . . . . . . . . . . . . . . . . . . Robots Hacked 6 | . . . . . 4 2 . . . . . . . . . . . . . . Non-combat 6 | . . . . . 4 2 . . . . . . . . . . . . . . Combat . | . . . . . . . . . . . . . . . . . . . . . Robot Hacks Applied 8 | . . . . . 5 3 . . . . . . . . . . . . . . parse_system 1 | . . . . . 1 . . . . . . . . . . . . . . . no_distress 5 | . . . . . 3 2 . . . . . . . . . . . . . . find_recycling 1 | . . . . . 1 . . . . . . . . . . . . . . . check_alert 1 | . . . . . . 1 . . . . . . . . . . . . . . Relay Couplers Released . | . . . . . . . . . . . . . . . . . . . . . Robots Rewired 43 | . . . . . . 1 1 24 . . . . 3 2 . 11 . . 1 . Allies Hacked . | . . . . . . . . . . . . . . . . . . . . . Hacks Repelled . | . . . . . . . . . . . . . . . . . . . . . Allies | -11 -10 -10 -10 -9 -8 -7 -7 -7 -5 -5 -5 -4 -4 -4 -4 -3 -3 -2 -2 -2 -------- Run | Scr Mat Min Exi Min Mat Fac Sto Rec Fac Was Fac Fac Upp Upp Zhi Pro Res Res Qua Sec Total Allies 68 | . . . . 2 2 11 10 24 . 1 . 1 3 2 . 11 . . 1 . Largest Group 21 | . . . . 2 2 6 11 21 18 1 . 1 3 5 5 11 10 . . . Highest-Rated Group 430 | . . . . 48 48 180 203 394 334 9 . 26 114 203 198 430 400 . . . Highest-Rated Ally 56 | . . . . 31 31 32 30 37 37 9 . 26 38 48 47 56 56 . . . Total Orders 60 | . . . . . . . 6 6 25 . . 1 2 3 . 6 8 2 . 1 GOTO 1 | . . . . . . . . . . . . . . . . 1 . . . . ROAM 9 | . . . . . . . . . 9 . . . . . . . . . . . FOLLOW 7 | . . . . . . . 1 1 . . . . 1 1 . 3 . . . . GUARD 7 | . . . . . . . . 2 4 . . . . . . 1 . . . . AID 1 | . . . . . . . . 1 . . . . . . . . . . . . PICKUP 1 | . . . . . . . . 1 . . . . . . . . . . . . EXPLORE 28 | . . . . . . . 2 1 9 . . 1 1 2 . 1 8 2 . 1 RETURN 6 | . . . . . . . 3 . 3 . . . . . . . . . . . Ally Attacks 364 | . . . . 4 6 11 81 90 62 . . . 10 13 . 45 41 . 1 . Total Damage 7867 | . . . . 83 88 359 1116 1474 1590 . . . 389 439 . 981 1326 . 22 . Kills 64 | . . . . 2 . 3 7 29 10 . . . 1 3 . 6 3 . . . Allies Corrupted . | . . . . . . . . . . . . . . . . . . . . . Allies Melted 1 | . . . . . . . 1 . . . . . . . . . . . . . Intel | -11 -10 -10 -10 -9 -8 -7 -7 -7 -5 -5 -5 -4 -4 -4 -4 -3 -3 -2 -2 -2 ------- Run | Scr Mat Min Exi Min Mat Fac Sto Rec Fac Was Fac Fac Upp Upp Zhi Pro Res Res Qua Sec Robot Analysis Total 14 | . 2 . . . 4 1 2 . . . 1 . . . 4 . . . . . Derelict Logs Recovered 6 | . . 2 . 1 . . . . . . . . 2 1 . . . . . . Drone Launches 46 | . . . . . . . 24 . 5 . . 2 . 2 . . 9 2 . 2 Drone Recoveries 13 | . . . . . . . 10 . 3 . . . . . . . . . . . Exploration | -11 -10 -10 -10 -9 -8 -7 -7 -7 -5 -5 -5 -4 -4 -4 -4 -3 -3 -2 -2 -2 ------------- Run | Scr Mat Min Exi Min Mat Fac Sto Rec Fac Was Fac Fac Upp Upp Zhi Pro Res Res Qua Sec Turns Passed 19482 | 155 1503 339 329 149 1601 3413 1007 642 544 39 1435 962 772 676 138 1794 2555 432 430 567 Spaces Moved 28002 | 100 1903 648 474 218 2267 4857 1174 760 913 93 2203 1764 1687 1037 238 1996 3964 635 645 426 Core 7 | 5 2 . . . . . . . . . . . . . . . . . . . Treads 82 | 63 19 . . . . . . . . . . . . . . . . . . . Legs . | . . . . . . . . . . . . . . . . . . . . . Wheels 88 | 32 56 . . . . . . . . . . . . . . . . . . . Hover 25930 | . 427 152 474 218 2267 4857 1174 760 913 93 2203 1764 1687 1037 238 1996 3964 635 645 426 Flight 1895 | . 1399 496 . . . . . . . . . . . . . . . . . . Fastest Speed 17 | 50 37 34 56 52 38 36 31 31 28 35 28 28 33 33 33 33 31 31 31 17 Average Speed 37 | 128 55 43 67 52 43 36 35 31 30 35 33 30 33 33 33 33 32 31 38 51 Slowest Speed 220 | 160 160 60 116 56 52 102 36 31 36 35 104 94 33 33 102 33 102 102 94 220 Overloaded Moves 12 | . . . . . . . . . . . . . . . . . . . . 12 Propulsion Burnouts . | . . . . . . . . . . . . . . . . . . . . . Robots Hopped 18 | . 6 12 . . . . . . . . . . . . . . . . . . Cave-ins Triggered . | . . . . . . . . . . . . . . . . . . . . . Teleports 1 | . . . . . . . . . . . . . . . . . . . 1 . Exploration Rate (%) 68 | 6 97 78 72 45 83 89 98 99 21 75 46 52 99 97 63 94 85 18 82 38 Regions Visited 20 Branch Regions 11 Pre-discovered Areas 13 | . . 1 . . . . 1 5 . . . 1 1 . 3 1 . . . . Known Exits Taken 6 | . . . . . 1 1 . . . . 1 1 . . . 1 . 1 . . Unknown Exits Taken 12 | 1 1 1 1 1 . . 1 1 . . . . 1 1 1 . 1 . 1 . Scrap Searched 14 | . . 4 . 1 . . . . . . . . 2 3 . 4 . . . . Spaces Dug 552 | . . . . . 6 40 12 2 3 . 24 13 8 . . 173 167 34 23 47 Terrain Destroyed 837 | . 12 17 . . 15 43 12 2 3 . 24 13 8 . . 233 351 34 23 47 Melee 385 | . . . . . 1 40 12 2 3 . 24 13 8 . . 29 149 34 23 47 Projectile 242 | . . . . . 14 3 . . . . . . . . . 204 21 . . . AOE 210 | . 12 17 . . . . . . . . . . . . . . 181 . . . Actions | -11 -10 -10 -10 -9 -8 -7 -7 -7 -5 -5 -5 -4 -4 -4 -4 -3 -3 -2 -2 -2 --------- Run | Scr Mat Min Exi Min Mat Fac Sto Rec Fac Was Fac Fac Upp Upp Zhi Pro Res Res Qua Sec Total 34776 | 115 2234 681 481 247 2704 6245 1613 1110 1098 98 2804 2098 1822 1312 287 2712 4929 804 761 621 Wait 3434 | . 122 3 . 14 134 1074 261 123 37 3 408 184 35 187 27 307 432 71 7 5 Move 27947 | 99 1890 624 473 217 2266 4856 1173 759 913 92 2202 1763 1686 1036 237 1995 3962 634 644 426 Hop 17 | . 6 11 . . . . . . . . . . . . . . . . . . Pick Up 85 | 1 6 5 . . 21 11 4 . 7 1 6 3 . 2 1 2 7 . 7 1 Fast Attach 256 | 6 22 5 4 2 25 17 9 . 13 1 34 14 1 2 8 7 48 11 15 12 Attach 34 | . 1 . . . 6 4 2 . 3 1 2 5 1 . . . 2 1 4 2 Detach 32 | . 1 . . . 4 4 1 . 1 . 5 5 . . . . 5 . 4 2 Swap 86 | . 5 1 . 1 6 14 6 . 3 . 4 11 2 3 1 8 11 1 6 3 Drop 302 | . 25 10 4 2 42 22 8 . 15 . 34 20 1 4 8 12 50 12 23 10 Fire 613 | 9 138 18 . 5 134 55 20 . . . 8 2 8 . . 177 36 3 . . Melee 1127 | . . . . . 33 124 91 38 61 . 74 58 37 35 5 100 248 53 47 123 Ram 1 | . . . . . . . . . . . . . . . . . 1 . . . Kick . | . . . . . . . . . . . . . . . . . . . . . Crush . | . . . . . . . . . . . . . . . . . . . . . Escape Stasis 11 | . . . . . . . . . . . . . . . . . 1 . . 10 Rewire 296 | . . . . . . 12 7 185 . . . . 30 6 . 52 . . 4 . Trap 4 | . . 4 . . . . . . . . . . . . . . . . . . Miscellaneous 531 | . 18 . . 6 33 52 31 5 45 . 27 33 21 37 . 52 126 18 . 27 Route ------- -11/Scrapyard -10/Materials (discovered 5 exits: *Mat x3 / *Min x2) -10/Mines (discovered 3 exits: *Mat x2 / *Exi) -10/Exiles (discovered 2 exits: [*Min x2]) -9/Mines (discovered 2 exits: *Mat x2) -8/Materials (discovered 3 exits: *Fac x3) -7/Factory (discovered 8 exits: *Fac x4 / *Sto x2 / *Low x2) -7/Storage (discovered 2 exits: *Fac / *Rec) -7/Recycling -5/Factory (discovered 6 exits: Fac x4 / Upp x2) -5/Waste -5/Factory (discovered 4 exits: *Fac x4) -4/Factory (discovered 3 exits: *Res / *Upp x2) -4/Upper Caves -4/Upper Caves (discovered 2 exits: *Res / *Zhi) -4/Zhirov -3/Proximity Caves -3/Research (discovered 6 exits: *Res x3 / *Arm / *Tes x2) -2/Research (discovered 3 exits: [*Acc] / *Qua x2) -2/Quarantine -2/Section 7 (discovered 1 exit: [*Acc]) History --------- Turn | Location | Event 9 | -11/Scrapyard | Discovered new exit (range 15) 98 | -11/Scrapyard | Upgraded with Propulsion slot (x2) 98 | -11/Scrapyard | Upgraded with Utility slot (x1) 156 | -11/Scrapyard | Entered Materials 289 | -10/Materials | Discovered new exit (range 16) 322 | -10/Materials | Build established: Mutant 572 | -10/Materials | Discovered new exit (range 17) 749 | -10/Materials | Discovered new exit (range 15) 777 | -10/Materials | Repaired Hover Unit 853 | -10/Materials | Discovered new exit (range 7) 997 | -10/Materials | Discovered new exit (range 16) 1162 | -10/Materials | Repaired Hrd. Light Armor Plating 1364 | -10/Materials | Repaired Autogun 1388 | -10/Materials | Reached level 2 1390 | -10/Materials | Upgraded with Utility slot (x1) 1390 | -10/Materials | Upgraded with Weapon slot (x1) 1455 | -10/Materials | Identified exit to Materials 1659 | -10/Materials | Entered Mines 1666 | -10/Mines | Discovered exit to Materials (range 13) 1672 | -10/Mines | Learned Materials emergency access door positions 1686 | -10/Mines | Found a hidden stash of uninstalled traps 1772 | -10/Mines | Discovered exit to Materials (range 10) 1791 | -10/Mines | Learned location of Zion (-7) 1850 | -10/Mines | Reached level 3 1855 | -10/Mines | Upgraded with Power slot (x1) 1855 | -10/Mines | Upgraded with Utility slot (x1) 1958 | -10/Mines | Deemed a non-threat by the Exiles lab entrance 1958 | -10/Mines | Discovered new exit (range 5) 1998 | -10/Mines | Entered Exiles 2007 | -10/Exiles | Discovered new exit (range 15) 2013 | -10/Exiles | Met 8R-AWN 2023 | -10/Exiles | Met EX-HEX 2060 | -10/Exiles | Met EX-DEC 2090 | -10/Exiles | Met EX-BIN 2121 | -10/Exiles | Aligned with FarCom system 2122 | -10/Exiles | Given EX-Vault access code 2136 | -10/Exiles | Opened EX-Vault 2142 | -10/Exiles | Found Gui. Plasma Cannon 2155 | -10/Exiles | Warned to stay clear of 0b10 Research branches 2163 | -10/Exiles | Build established: Scavenger-Mutant 2225 | -10/Exiles | Discovered new exit (range 12) 2327 | -10/Exiles | Left Exiles lab with Gui. Plasma Cannon 2327 | -10/Exiles | Entered Mines 2347 | -9/Mines | Discovered new exit (range 15) 2368 | -9/Mines | Discovered new exit (range 9) 2422 | -9/Mines | Learned location of 1 exit from Lower Caves 2476 | -9/Mines | Entered Materials 2476 | -8/Materials | Accompanied by 2 allies 2478 | -8/Materials | Reached level 4 2481 | -8/Materials | Led the pair of lost Derelicts to an unsafe place 2538 | -8/Materials | Reached level 5 2540 | -8/Materials | Upgraded with Propulsion slot (x1) 2712 | -8/Materials | Reached level 6 2714 | -8/Materials | Upgraded with Weapon slot (x1) 2728 | -8/Materials | Destroyed 9 combat bots 2840 | -8/Materials | Garrison activated, responded to threat 2877 | -8/Materials | Discovered new exit (range 9) 3095 | -8/Materials | Repaired Imp. Hover Unit 3141 | -8/Materials | Discovered new exit (range 9) 3310 | -8/Materials | Build established: Mutant 3401 | -8/Materials | Reached level 7 3403 | -8/Materials | Upgraded with Utility slot (x1) 3631 | -8/Materials | Identified exit to Factory 3866 | -8/Materials | Reached level 8 3869 | -8/Materials | Upgraded with Utility slot (x1) 4077 | -8/Materials | Entered Factory 4077 | -7/Factory | Accompanied by 1 ally 4079 | -7/Factory | Reached level 9 4079 | -7/Factory | Upgraded with Weapon slot (x1) 4281 | -7/Factory | Fabricated Imp. Recalibrator (x2) 4712 | -7/Factory | Reached level 10 4714 | -7/Factory | Upgraded with Propulsion slot (x1) 5047 | -7/Factory | Build established: Gladiator 5308 | -7/Factory | Discovered new exit (range 13) 5598 | -7/Factory | Discovered new exit (range 10) 5886 | -7/Factory | P-60 Hacker assimilated allied Administrator 4a 5887 | -7/Factory | Reached level 11 6060 | -7/Factory | Fabricated Fission Core (x2) 6095 | -7/Factory | Identified exit to Storage 6095 | -7/Factory | Identified exit to Lower Caves 6277 | -7/Factory | Discovered new exit (range 14) 6430 | -7/Factory | Identified exit to Factory 7027 | -7/Factory | Reached level 12 7029 | -7/Factory | Upgraded with Utility slot (x1) 7155 | -7/Factory | Fabricated L-41 Fighter? 7258 | -7/Factory | Fabricated L-41 Fighter (x3) 7396 | -7/Factory | Local fabrication network quarantined 7490 | -7/Factory | Entered Storage 7490 | -7/Storage | Accompanied by 6 allies 7492 | -7/Storage | Reached level 13 7492 | -7/Storage | Upgraded with Weapon slot (x1) 7530 | -7/Storage | Found Prototype Processor 7530 | -7/Storage | Identified Exp. Targeting Computer 7616 | -7/Storage | Reached level 14 7667 | -7/Storage | Assisted by bots powering up and referring to "LRC-V3" 7741 | -7/Storage | Garrison activated, responded to threat 7775 | -7/Storage | Reached level 15 7844 | -7/Storage | Discovered exit to Factory (range 7) 7890 | -7/Storage | First assault squad dispatched 8086 | -7/Storage | Discovered new exit (range 3) 8334 | -7/Storage | Reached level 16 8341 | -7/Storage | Upgraded with Propulsion slot (x1) 8404 | -7/Storage | Repaired Med. Reactive Plating 8497 | -7/Storage | Entered Recycling 8497 | -7/Recycling | Accompanied by 13 allies 8530 | -7/Recycling | Spotter reported a threat 8546 | -7/Recycling | Spotter reported a threat 8546 | -7/Recycling | Spotter reported a threat 8547 | -7/Recycling | Discovered new exit (range 51) 8556 | -7/Recycling | Spotter reported a threat 8583 | -7/Recycling | Spotter reported a threat 8605 | -7/Recycling | Spotter reported a threat 8606 | -7/Recycling | Spotter reported a threat 8607 | -7/Recycling | Spotter reported a threat 8609 | -7/Recycling | Spotter reported a threat 8618 | -7/Recycling | Spotter reported a threat 8659 | -7/Recycling | Spotter reported a threat 8662 | -7/Recycling | Spotter reported a threat 8671 | -7/Recycling | Spotter reported a threat 8681 | -7/Recycling | Spotter reported a threat 8729 | -7/Recycling | Spotter reported a threat 8733 | -7/Recycling | Spotter reported a threat 8733 | -7/Recycling | Spotter reported a threat 8746 | -7/Recycling | Spotter reported a threat 8779 | -7/Recycling | Spotter reported a threat 8779 | -7/Recycling | Spotter reported a threat 8779 | -7/Recycling | Spotter reported a threat 8790 | -7/Recycling | Spotter reported a threat 8832 | -7/Recycling | Build established: Commander-Sprinter 8838 | -7/Recycling | Spotter reported a threat 8874 | -7/Recycling | Spotter reported a threat 8896 | -7/Recycling | Spotter reported a threat 8939 | -7/Recycling | Spotter reported a threat 8939 | -7/Recycling | Spotter reported a threat 8940 | -7/Recycling | Spotter reported a threat 8971 | -7/Recycling | Spotter reported a threat 8982 | -7/Recycling | Spotter reported a threat 8983 | -7/Recycling | Spotter reported a threat 9139 | -7/Recycling | Entered Factory 9139 | -5/Factory | Accompanied by 29 allies 9141 | -5/Factory | Reached level 17 9156 | -5/Factory | Reached level 18 9157 | -5/Factory | Upgraded with Utility slot (x1) 9313 | -5/Factory | Identified exit to Factory 9313 | -5/Factory | Identified exit to Upper Caves 9372 | -5/Factory | Reached level 19 9384 | -5/Factory | Upgraded with Weapon slot (x1) 9431 | -5/Factory | Reached level 20 9439 | -5/Factory | First assault squad dispatched 9451 | -5/Factory | Spotted B-75 Beast 9467 | -5/Factory | Destroyed 10 combat bots 9683 | -5/Factory | Sucked down chute 9683 | -5/Factory | Entered Waste 9683 | -5/Waste | Met up with 1 ally sucked down the chute earlier 9691 | -5/Waste | Spotted C-40 Crusher 9693 | -5/Waste | Spotted C-40 Crusher 9694 | -5/Waste | Spotted C-40 Crusher 9698 | -5/Waste | EMP discharged 9701 | -5/Waste | Spotted C-40 Crusher 9706 | -5/Waste | Crushed by Compactor (1 part destroyed, 1 dropped) 9706 | -5/Waste | Spotted C-40 Crusher 9710 | -5/Waste | 2 allies followed down the chute 9712 | -5/Waste | Discovered new exit (range 13) 9722 | -5/Waste | Entered Factory 9751 | -5/Factory | System corruption reached 10% 9792 | -5/Factory | Reached level 21 9794 | -5/Factory | Upgraded with Power slot (x1) 9953 | -5/Factory | Repaired Imp. Medium Armor Plating 10099 | -5/Factory | Build established: Generator-Mutant 10170 | -5/Factory | Repaired Shock Maul 10247 | -5/Factory | Discovered exit to Factory (range 5) 10603 | -5/Factory | Garrison activated, responded to threat 10628 | -5/Factory | Build established: Generator-Sprinter 10639 | -5/Factory | Found Prototype Processor 10639 | -5/Factory | Identified Exp. Signal Interpreter 10905 | -5/Factory | Spotted B-75 Beast 11157 | -5/Factory | Entered another Factory area 11159 | -4/Factory | Reached level 22 11291 | -4/Factory | Spotted B-86 Titan 11315 | -4/Factory | Destroyed B-86 Titan 11324 | -4/Factory | Core integrity fell below 50% 11368 | -4/Factory | Reached level 23 11371 | -4/Factory | Upgraded with Utility slot (x1) 11412 | -4/Factory | Destroyed 7 combat bots 11618 | -4/Factory | Discovered new exit (range 85) 11620 | -4/Factory | Fabricated Q-thruster? 11761 | -4/Factory | Identified exit to Upper Caves 11825 | -4/Factory | Repaired Imp. Heavy Armor Plating 11907 | -4/Factory | First assault squad dispatched 12029 | -4/Factory | Reached level 24 12119 | -4/Factory | Entered Upper Caves 12119 | -4/Upper Caves | Accompanied by 1 ally 12146 | -4/Upper Caves | Attacked by a delusional Derelict stockpiling Unaware 12222 | -4/Upper Caves | Attracted the attention of an 0b10 base 12263 | -4/Upper Caves | Learned location of 1 exit from Proximity Caves 12263 | -4/Upper Caves | Learned Factory stockpile data 12263 | -4/Upper Caves | Learned Research garrison access intel 12316 | -4/Upper Caves | Learned 8 Research zone layouts 12351 | -4/Upper Caves | Attracted the attention of an 0b10 checkpoint 12436 | -4/Upper Caves | Discovered new exit (range 9) 12456 | -4/Upper Caves | Spotted B-86 Titan 12461 | -4/Upper Caves | Destroyed B-86 Titan 12468 | -4/Upper Caves | Found Hvy. Reflective Plating 12519 | -4/Upper Caves | Reached level 25 12554 | -4/Upper Caves | Upgraded with Utility slot (x1) 12891 | -4/Upper Caves | Entered another Upper Caves area 12891 | -4/Upper Caves | Accompanied by 4 allies 12892 | -4/Upper Caves | Identified exit to Research 12995 | -4/Upper Caves | Spotted B-86 Titan 13014 | -4/Upper Caves | Destroyed B-86 Titan 13018 | -4/Upper Caves | Found Hvy. Reflective Plating 13069 | -4/Upper Caves | Encountered a Warlord checkpoint 13137 | -4/Upper Caves | Discovered new exit (range 5) 13216 | -4/Upper Caves | Attracted the attention of an 0b10 checkpoint 13280 | -4/Upper Caves | Reached level 26 13567 | -4/Upper Caves | Entered Zhirov 13567 | -4/Zhirov | Accompanied by 6 allies 13567 | -4/Zhirov | Discovered new exit (range 4) 13573 | -4/Zhirov | Met Zhirov 13581 | -4/Zhirov | Learned location of Testing (-3) 13581 | -4/Zhirov | Learned location of Command (-1) 13587 | -4/Zhirov | Zhirov requested help retrieving the SGEMP Prototype 13597 | -4/Zhirov | Found Alien Artifact 13597 | -4/Zhirov | Identified Integrated Dissipator 13597 | -4/Zhirov | Installed Integrated Dissipator, increased core heat dissipation (+2%) 13660 | -4/Zhirov | Found Alien Artifact 13705 | -4/Zhirov | Entered Proximity Caves 13705 | -3/Proximity Caves | Accompanied by 6 allies 13742 | -3/Proximity Caves | Reached level 27 13767 | -3/Proximity Caves | Spotted B-86 Titan 13775 | -3/Proximity Caves | Destroyed B-86 Titan 13779 | -3/Proximity Caves | Found Hvy. Reflective Plating 13842 | -3/Proximity Caves | Attracted the attention of an 0b10 base 13880 | -3/Proximity Caves | Learned Extension emergency access door positions 13967 | -3/Proximity Caves | Spotted B-86 Titan 13972 | -3/Proximity Caves | Entered a huge 0b10 base via the front door 14175 | -3/Proximity Caves | Destroyed 7 combat bots 14401 | -3/Proximity Caves | Reached level 28 14651 | -3/Proximity Caves | Build established: Commander-Sprinter 15499 | -3/Proximity Caves | Entered Research 15499 | -3/Research | Accompanied by 10 allies 15500 | -3/Research | Identified exit to Testing 15501 | -3/Research | Loaded intel: 3 garrison access locations 15605 | -3/Research | Identified Transdimensional Reconstructor 15643 | -3/Research | Garrison activated, responded to threat 15667 | -3/Research | Found Imp. Powered Armor 15669 | -3/Research | Found Imp. Powered Armor 15672 | -3/Research | Found Prototype Slashing Weapon 15672 | -3/Research | Identified Molecular Scythe 15674 | -3/Research | Found Molecular Scythe 15721 | -3/Research | Reached level 29 15724 | -3/Research | Upgraded with Utility slot (x1) 15910 | -3/Research | Discovered new exit (range 12) 16082 | -3/Research | Fabricated Cld. Gravmag System (x1) 16160 | -3/Research | Build established: Generator-Sprinter 16253 | -3/Research | Fabricated Cld. Gravmag System (x1) 16267 | -3/Research | Found Prototype Processor 16267 | -3/Research | Identified Spectral Analyzer 16323 | -3/Research | Discovered new exit (range 13) 16390 | -3/Research | Local fabrication network quarantined 16560 | -3/Research | Identified exit to Armory 16749 | -3/Research | First assault squad dispatched 16760 | -3/Research | Discovered new exit (range 15) 16906 | -3/Research | Destroyed 7 combat bots 16906 | -3/Research | Found Prototype Device 16907 | -3/Research | Identified Exp. Thermal Shield 17100 | -3/Research | Found Prototype Launcher 17100 | -3/Research | Identified Hellfire Missile Launcher 17117 | -3/Research | Found Imp. Powered Armor 17294 | -3/Research | Spotted B-86 Titan 17368 | -3/Research | Found Prototype Slashing Weapon 17368 | -3/Research | Identified Nanosword 17397 | -3/Research | Reached level 30 17454 | -3/Research | Spotted B-86 Titan 17612 | -3/Research | High security lockdown imminent 17692 | -3/Research | High security lockdown engaged 17818 | -3/Research | Discovered new exit (range 26) 17876 | -3/Research | Found Prototype Device 17876 | -3/Research | Identified Exp. ECM Suite 18053 | -3/Research | Spotted Striker 18054 | -3/Research | Entered another Research area 18055 | -2/Research | Identified exit to Quarantine 18056 | -2/Research | Reached level 31 18098 | -2/Research | Repaired Imp. Powered Armor 18280 | -2/Research | Discovered exit to Quarantine (range 15) 18295 | -2/Research | Spotted B-90 Cyclops 18300 | -2/Research | Destroyed B-90 Cyclops 18323 | -2/Research | Found Prototype Launcher 18323 | -2/Research | Identified Enh. Gamma Bomb Array 18353 | -2/Research | First assault squad dispatched 18356 | -2/Research | Discovered new exit (range 12) 18486 | -2/Research | Entered Quarantine 18487 | -2/Quarantine | Maximum security lockdown engaged 18492 | -2/Quarantine | Found Alien Artifact 18492 | -2/Quarantine | Identified Terrabomb 18492 | -2/Quarantine | Used Terrabomb 18570 | -2/Quarantine | Found Sigix Corpse 18581 | -2/Quarantine | Found Alien Slashing Weapon 18581 | -2/Quarantine | Identified Sigix Broadsword 18592 | -2/Quarantine | Met incapacitated Sigix Warrior 18592 | -2/Quarantine | Lockdown squad dispatched 18592 | -2/Quarantine | Reached level 32 18678 | -2/Quarantine | Found Alien Impact Weapon 18678 | -2/Quarantine | Identified Core Stripper 18748 | -2/Quarantine | Warped through subspace 18760 | -2/Quarantine | Found Alien Artifact 18761 | -2/Quarantine | Identified Stasis Generator 18811 | -2/Quarantine | Spotted Fortress 18813 | -2/Quarantine | Destroyed Fortress 18817 | -2/Quarantine | Found Prototype Reactor 18817 | -2/Quarantine | Identified Vortex Chain Reactor 18820 | -2/Quarantine | Found Vortex Chain Reactor 18831 | -2/Quarantine | Found Prototype Device 18831 | -2/Quarantine | Identified Thermal Barrier 18833 | -2/Quarantine | Found Prototype Device 18833 | -2/Quarantine | Identified Exp. Force Field 18839 | -2/Quarantine | Found EM Dispersion Field 18843 | -2/Quarantine | Found Prototype Protection 18843 | -2/Quarantine | Identified Centrium Heavy Armor Plating 18912 | -2/Quarantine | Discovered new exit (range 5) 18916 | -2/Quarantine | Entered Section 7 18917 | -2/Section 7 | Maximum security lockdown engaged 18970 | -2/Section 7 | Found Alien Artifact 18970 | -2/Section 7 | Identified Integrated Reactor 18970 | -2/Section 7 | Installed Integrated Reactor, increased core energy generation (+2%) 19031 | -2/Section 7 | Found Prototype Device 19031 | -2/Section 7 | Identified Exp. Cloaking Device 19044 | -2/Section 7 | Spotted Executioner 19053 | -2/Section 7 | Found Alien Artifact 19061 | -2/Section 7 | Reached level 33 19068 | -2/Section 7 | Identified Integrity Redistributor 19068 | -2/Section 7 | Used Integrity Redistributor, redistributed integrity from core (-46) 19101 | -2/Section 7 | Destroyed 7 combat bots 19126 | -2/Section 7 | Destroyed Executioner 19155 | -2/Section 7 | Core integrity fell below 50% 19170 | -2/Section 7 | Discovered new exit (range 5) 19172 | -2/Section 7 | Destroyed 7 combat bots 19189 | -2/Section 7 | Spotted Investigator 19190 | -2/Section 7 | Found Integrity Redistributor 19190 | -2/Section 7 | Used Integrity Redistributor, redistributed integrity to core (+218) 19253 | -2/Section 7 | Scanned by Researcher 19264 | -2/Section 7 | Destroyed 9 combat bots 19378 | -2/Section 7 | Core integrity fell below 20% 19453 | -2/Section 7 | Intercept squad dispatched 19453 | -2/Section 7 | Spotted Tracker 19453 | -2/Section 7 | Destroyed Tracker 19454 | -2/Section 7 | Spotted Tracker 19458 | -2/Section 7 | Spotted Combat Programmer 19462 | -2/Section 7 | Garrison activated, responded to threat 19475 | -2/Section 7 | Destroyed Combat Programmer 19480 | -2/Section 7 | Found Exp. Phase Shifter 19482 | -2/Section 7 | Spotted Executioner 19483 | -2/Section 7 | Destroyed by Executioner with Helical Railgun Last Messages --------------- 19480_ C-30 ARC bursts open, deploying its payload. 19480_ G-73 Enforcer unfolds itself. 19480_ Cmb. Gravmag System temporarily disabled. 19480_ Acquired Exp. Phase Shifter. 19480_ C-30 ARC bursts open, deploying its payload. 19480_ Executioner unfolds itself. 19480_ P-80 Master unfolds itself. 19480_ M-36 Artificer unfolds itself. 19480_ Tracker destroyed. 19481_ Acquired 10 matter. 19481_ Dropped Lgt. Antimatter Reactor. 19481_ Lgt. Antimatter Reactor crushed and broken. 19482_ C-30 ARC bursts open, deploying its payload. 19482_ P-80 Master unfolds itself. Your per-turn energy upkeep is currently significantly in the negative, which may be okay for now but be prepared to manage it more closely. [Achievement: 30k Club] [Achievement: 40k Club] [Achievement: 50k Club] [Achievement: Rambo] Map ----- +----------------------------------------------------+ | ?????????????????????????????????????????? | | ?????????????????????????????????????????? | | ?????????????????????????????????????????? | | ?????????????????????????????????????????? | | ?????????????????????????????????????????? | | ?????????????????????????????????????????? | | ?????????????????????????????????????????? | | ?????????????????????????????????????????? | | ?????????????????????????????????????????? | | ??????????????????????????????? ???????? | | ?????????????????????????????# ???????? | | ?????????????????????????? ???????? | | ?????????????????????????? ???????? | | ?????????????????????????" ]]! ???????? | | ?????????????????????????""Y]]! ???????? | | ????????????#####?????? GYY]]! BB?????? | | ????????????? ? ?? ""p BB?????? | | ????????????? ???"Y [[! #??????? | | ?????????????? """"" ?s??? [[! ??????? | | ?????????????? """"""?????? [! ??????? | | ???????????????"""""???s?cCC ??????? | | ???????????????"!"""????????? ??????? | | ????????????????=mEC?????????#C #??????? | | ????????????????ppppi????????# #??????? | | ????????????????#p##?????????# #??????# | | ????????????????#@;#?????????# +??????# | | ????????????????#g##?????????# %#??????# | | ????????????????#g#???###????# #??????# | | ????????????????#g#####*###### %#??????# | | ????????????????#|gpe !%! # #??????# | | ????????????????#### """ # #??????# | | ???????????????????# ""S"" # ######## | | ???????????????????#i"" " + + | | ???????????????????# # # | | ???????????????????# # + | | ???????????????????# # # | | ???????????????????# ##### ##### # | | ??????????####?????######## ##?## ##???# # | | ?????????#! ? ??# ### ####### # | | ?##??????# """ Y?# """ # # | | ## ###???# " " #?# """ h# # # | | # ??# """ #?# """ =+ # # | | # "?# #?# # # # | | # ""#"" """ #?# """ # # # | | # ""#"T " " ???# """ # # # | | # T#"" ""?????# """ # # # | | # ""# ???????# # # # | | # ""#+##+###+#########/######+##### # | | # ""# | | # + [! | +----------------------------------------------------+ Best States ------------- Heat Dissipation 123 Energy Generation 133 Energy Capacity 790 Matter Stores 440 Matter Capacity 500 Sight Range 18 Terrain Scan Density 10 Power Amplification 40 Armor Coverage 800 Resistance: KI 30 Resistance: TH 30 Resistance: EX 20 Utility Shielding 33 Melee Speed Boost 40 Phase Shifting 10 Evasion (%) 85 Targeting Accuracy 12 Melee Accuracy 8 Target Analysis 8 Recoil Reduction 2 Force Boost 4 Stasis Canceling 2 Offensive Hacking 19 Item Schematics ----------------- Greatsword | -8/Materials | Scanalyzed Hacking Suite | -8/Materials | Extracted Prc. Beam Rifle | -8/Materials | Extracted Imp. Terrain Scan Processor | -8/Materials | Extracted Grenade Launcher | -8/Materials | Extracted Med. Laser | -8/Materials | Extracted Flak Cannon | -8/Materials | Extracted Power Shielding | -8/Materials | Extracted Sml. Matter Pod | -8/Materials | Extracted Com. Battery | -8/Materials | Extracted Hvy. Assault Rifle | -8/Materials | Extracted Minigun | -8/Materials | Extracted Cooling System | -8/Materials | Extracted Imp. Recalibrator | -7/Factory | Hacked Hrd. Medium Armor Plating | -7/Factory | Scanalyzed Imp. Heavy Armor Plating | -7/Factory | Hacked Adv. Heat Sink | -7/Factory | Scanalyzed Fission Core | -7/Factory | Hacked Cloaking Device | -7/Factory | Hacked Arm. Huge Wheel | -7/Factory | Hacked Particle Charger | -7/Factory | Scanalyzed Arm. Leg | -7/Recycling | Hacked Power Sword | -7/Recycling | Hacked Force Booster | -4/Factory | Scanalyzed Quantum Reactor | -4/Factory | Hacked Cld. Gravmag System | -4/Factory | Scanalyzed Cld. Plasma Rifle | -4/Factory | Scanalyzed Shock Maul | -4/Factory | Scanalyzed Quantum Capacitor | -4/Factory | Hacked Biometal Leg | -4/Factory | Hacked Biometal Heavy Treads | -4/Factory | Hacked Assault Drone Bay | -4/Zhirov | Free Exp. Heat Sink | -4/Zhirov | Free Exp. Optical Array | -4/Zhirov | Free Imp. Arc Thrower | -4/Zhirov | Free Cmb. Gravmag System | -3/Research | Scanalyzed Robot Schematics ------------------ Y-54 Guardian | -7/Storage | Hacked Fabricated ------------ Imp. Recalibrator | x2 | -7/Factory Fission Core | x2 | -7/Factory L-41 Fighter | x3 | -7/Factory | Preloaded L-41 Fighter | x3 | -7/Factory | Preloaded Q-thruster | x2 | -4/Factory | Preloaded Cld. Gravmag System | x1 | -3/Research Cld. Gravmag System | x1 | -3/Research Alien Tech Used ----------------- Integrated Dissipator Terrabomb Sigix Broadsword Core Stripper Transdimensional Reconstructor Stasis Generator Integrated Reactor Integrity Redistributor Achievements -------------- 30k Club 40k Club 50k Club Assassin Can't Touch This False Reunion Giant Slayer Gladiator More Power To You Nope Rambo Rockin' Loadout Signature Confirmed Sunderer Treasure Hunter Ultimate Loadout We Are Legion \\IAMDERELICT Challenges ------------ None RPGLIKE | -11 -10 -10 -10 -9 -8 -7 -7 -7 -5 -5 -5 -4 -4 -4 -4 -3 -3 -2 -2 -2 --------- Run | Scr Mat Min Exi Min Mat Fac Sto Rec Fac Was Fac Fac Upp Upp Zhi Pro Res Res Qua Sec Levels Raised 32 | . 1 1 . . 5 4 4 . 4 . 1 3 1 1 . 2 2 1 1 1 XP Earned 51691 | 3000 1825 1175 350 1006 6576 6377 5262 1393 5871 139 1086 3655 1376 1534 168 3051 3239 1587 1419 1602 XP Spent 50890 | 2995 1300 1600 . 90 7275 6220 5900 . 5900 . 1705 2975 2900 . . 2850 4750 1300 1600 1530 Upgrades 86 | 10 2 2 . 1 14 9 8 . 6 . 6 4 1 . . 8 4 3 1 7 Power Slot 2 | . . 1 . . . . . . . . 1 . . . . . . . . . Propulsion Slot 5 | 2 . . . . 1 1 1 . . . . . . . . . . . . . Utility Slot 10 | 1 1 1 . . 2 1 . . 1 . . 1 1 . . . 1 . . . Weapon Slot 5 | . 1 . . . 1 1 1 . 1 . . . . . . . . . . . Core Integrity 18 | 1 . . . . 3 4 . . . . 1 3 . . . 2 . . . 4 Heat Dissipation 13 | 2 . . . 1 3 . . . . . 4 . . . . . . . . 3 Energy Generation 4 | . . . . . . 1 1 . 1 . . . . . . . 1 . . . Mass Support 4 | 2 . . . . . 1 . . . . . . . . . . . . 1 . Inventory Capacity 4 | 1 . . . . 2 . 1 . . . . . . . . . . . . . Sight Range 2 | 1 . . . . . . . . . . . . . . . . 1 . . . Melee Accuracy 5 | . . . . . 2 . 2 . 1 . . . . . . . . . . . Hack Attack % 1 | . . . . . . . 1 . . . . . . . . . . . . . KI Resistance % 4 | . . . . . . . . . 2 . . . . . . 1 . 1 . . TH Resistance % 4 | . . . . . . . 1 . . . . . . . . 3 . . . . EX Resistance % 4 | . . . . . . . . . . . . . . . . 2 . 2 . . KI Damage % 1 | . . . . . . . . . . . . . . . . . 1 . . . Protomatter Created 6142 | . 172 2 . 20 568 615 217 264 581 . 232 239 155 259 . 368 1386 302 78 684 Integrity Restored 10517 | . 363 . . 102 620 1014 404 81 904 . 582 717 465 771 . 1146 2428 308 . 612 Core 8506 | . 303 . . 102 528 624 336 50 707 . 582 717 465 673 . 964 1658 185 . 612 Parts 2011 | . 60 . . . 92 390 68 31 197 . . . . 98 . 182 770 123 . . Protomatter Decayed 3343 | . 76 . . . 358 373 329 267 386 . 38 . . . . 73 763 41 78 561 Game ------ Seed MachineQuantumMatter Manual? 0 Play Time 11:52:19 Cumulative 36.9 hours Start 2020.03.19 @ 20:41:18 End 2020.03.22 @ 02:04:31 Sessions 3 Manual Loads 0 Difficulty Rogue Special Mode Winter2019/RPGLIKE Game No. 5 Rogue 5 Adventurer 0 Explorer 0 Win Type - Total 0 Types 0/0/0/0/0/0/0 Lore% 21 Gallery% 32 Achievement% 46 Wizard Run 0 Options --------- ASCII 1 Keyboard 1 Movement Numpad Keybinds 0 Fullscreen 1 Font 16/SmallcapsGlow Map View 75x55 Tactical HUD 1 Map Filters NONE Filters NONE Steam 1 RUN: f7ac5d34-ccdd-4eda-8476-1d80ab2f0ff8